 Dungeon Crawl Stone Soup version 0.18-a0-1773-gec4f98e (webtiles) character file.

769 Moloch the Ruffian (level 7, -1/52 HPs)
             Began as a Demonspawn Fighter on Apr 14, 2016.
             Was an Initiate of Qazlal.
             Slain by an orc priest
             ... wielding a +0 club
              (2 damage)
             ... on level 4 of the Dungeon.
             The game lasted 00:12:26 (5945 turns).

Moloch the Ruffian (Demonspawn Fighter)             Turns: 5945, Time: 00:12:27

Health: -1/52      AC: 12    Str: 19    XL:     7   Next: 52%
Magic:  7/7        EV:  4    Int:  9    God:    Qazlal [......]
Gold:   282        SH:  9    Dex: 12    Spells: 0 memorised, 6 levels left

rFire  . . .     SeeInvis .       - Unarmed
rCold  . . .     Gourm    .     u - +0 chain mail
rNeg   . . .     Faith    .     b - +0 shield
rPois  .         Spirit   .     n - +0 helmet
rElec  .         Dismiss  .     (no cloak)
rCorr  .         Reflect  .     (no gloves)
SustAt .         Harm     .     (no boots)
MR     +....                    (no amulet)
Stlth  ..........               (no ring)
                                h - ring of protection from magic

@: flying, drained, somewhat resistant to hostile enchantments, extremely
unstealthy
A: thin metallic scales 1, powered by pain 1, rot immunity
a: Renounce Religion


You were on level 4 of the Dungeon.
You worshipped Qazlal.
Qazlal was noncommittal.
You were not hungry.

You visited 2 branches of the dungeon, and saw 5 of its levels.

You collected 282 gold pieces.

Inventory:

Armour
 b - a +0 shield (worn)
 n - a +0 helmet (worn)
 u - a +0 chain mail (worn)
Jewellery
 h - a ring of protection from magic (left hand)
Wands
 a - a wand of confusion (26/48)
 s - a wand of lightning (7/15)
Scrolls
 e - 3 scrolls of remove curse {unknown}
 j - 2 scrolls of identify {unknown}
 m - a scroll of blinking {unknown}
 o - a scroll of noise {unknown}
 r - 3 scrolls of teleportation {unknown}
 t - 3 scrolls of magic mapping {unknown}
 y - a scroll of recharging {unknown}
Potions
 c - a potion of might
 f - a potion of ambrosia {unknown}
 i - a potion of heal wounds {unknown}
 l - 3 potions of flight
 p - a potion of lignification {unknown}
 q - 2 potions of degeneration {unknown}
 x - a potion of brilliance {unknown}
 z - a potion of magic {unknown}
Comestibles
 d - 3 bread rations
 g - 2 meat rations
 k - a beef jerky
 v - a royal jelly
 w - 4 chunks of flesh


   Skills:
 - Level 3.0(2.9) Fighting
 - Level 2.6 Armour
 - Level 2.6 Shields
 + Level 7.9 Unarmed Combat


You had 6 spell levels left.
You didn't know any spells.

Dungeon Overview and Level Annotations

Branches:
Dungeon (4/15)             Temple (1/1) D:4

Altars:
Fedhas
Gozag
Kikubaaqudgha
Makhleb
Nemelex Xobeh
Okawaru
Pakellas
Qazlal
Ru
Sif Muna
Trog
Xom
Zin
The Shining One


Innate Abilities, Weirdness & Mutations

You are partially covered in thin metallic scales (AC +2).
You sometimes gain a little power by taking damage.
You are immune to rotting.


Message History

The orc priest is heavily wounded.
The orc priest mumbles some strange prayers to Beogh against you.
Beogh smites you!
* * * LOW HITPOINT WARNING * * *
The orc hits you with a club.
* * * LOW HITPOINT WARNING * * *
You hit the orc priest but do no damage.
The orc priest is heavily wounded.
The orc priest invokes the aid of Beogh against you.
Pain shoots through your body!
* * * LOW HITPOINT WARNING * * *
The orc hits you but does no damage.
You hit the orc priest but do no damage.
The orc priest is heavily wounded.
You block the orc priest's attack. The orc hits you but does no damage.
Drink which item? (? for menu, Esc to quit)
It was a potion of flight.
You feel very buoyant.
You fly up into the air.
The orc priest hits you with a club.
You die...

#..........# #...# #.##.##..#
####.######## #...#
#.......## .# #.# #...#
###...#### .# #.# ##.##
#.#...## .###.# #.# #...#.#
.....# #####.# #####.#
.############.....# #.## .#
#........)oo# #... .#
###.......##@########### ####
##
#......##.##...........######
#.#..#.##.#########.........#
#.#..#........# #.##.#.##.#
#(#..#.##.###o# #.##...##.#
#.#..#.##.# #.# #.##.#.##.#
#.#..)....# ... ##.##.#.##.#
##......####.....
#..........# #.......#
#.....##.....#.####


You could see an orc priest and an orc.

Vanquished Creatures
  Eustachio (D:4)
  An ogre (D:4)
  2 phantoms (D:4)
  3 wights
  2 orc priests
  An orc wizard (D:2)
  A hound skeleton (D:4)
  Robin (D:4)
  6 adders
  A worm (D:3)
  4 dart slugs
  3 giant geckos
  9 orcs
  2 ball pythons
  8 bats
  4 giant cockroaches
  13 goblins
  9 hobgoblins
  8 jackals
  2 quokkas
  6 giant newts
  4 kobolds
  4 rats
95 creatures vanquished.

Notes
Turn   | Place    | Note
--------------------------------------------------------------
     0 | D:1      | Moloch the Demonspawn Fighter began the quest for the Orb.
     0 | D:1      | Reached XP level 1. HP: 18/18 MP: 1/1
    88 | D:1      | Reached skill level 2 in Unarmed Combat
   401 | D:1      | Gained mutation: You sometimes gain a little power by taking damage. [demonic ancestry]
   401 | D:1      | Reached XP level 2. HP: 24/24 MP: 2/2
   886 | D:1      | Reached skill level 3 in Unarmed Combat
  1248 | D:2      | Reached XP level 3. HP: 29/29 MP: 3/3
  1534 | D:2      | Found a blossoming altar of Fedhas.
  1534 | D:2      | Found a sparkling altar of Nemelex Xobeh.
  2137 | D:3      | Reached XP level 4. HP: 15/35 MP: 4/4
  2347 | D:2      | Reached skill level 4 in Unarmed Combat
  2764 | D:2      | Gained mutation: You are immune to rotting. [demonic ancestry]
  2764 | D:2      | Reached XP level 5. HP: 15/41 MP: 5/5
  2978 | D:3      | HP: 1/41 [wight/enchanted great sword (5)]
  2981 | D:3      | Reached skill level 5 in Unarmed Combat
  4514 | D:3      | Found a burning altar of Makhleb.
  4514 | D:3      | Noticed a green death
  4611 | D:3      | Reached skill level 6 in Unarmed Combat
  4611 | D:3      | Gained mutation: You are partially covered in thin metallic scales (AC +2). [demonic ancestry]
  4611 | D:3      | Reached XP level 6. HP: 16/47 MP: 6/6
  4972 | D:4      | Got a pitted leather armour
  4983 | D:4      | Identified the +1 leather armour of Cetimnuv {Int+2} (You found it on level 4 of the Dungeon)
  5393 | D:4      | Found a stormy altar of Qazlal.
  5552 | D:4      | Noticed Eustachio
  5577 | D:4      | Killed Eustachio
  5577 | D:4      | Reached skill level 7 in Unarmed Combat
  5577 | D:4      | Reached XP level 7. HP: 51/52 MP: 7/7
  5599 | D:4      | Found a staircase to the Ecumenical Temple.
  5614 | Temple   | Entered the Ecumenical Temple
  5675 | Temple   | Became a worshipper of Qazlal Stormbringer
  5808 | D:4      | Noticed Robin
  5825 | D:4      | Killed Robin
  5943 | D:4      | HP: 1/52 [orc priest/nerve-wracking pain (11)]
  5945 | D:4      | Slain by an orc priest

Vault maps used:
D:1:      dpeg_arrival_more_subterranean_lakeside_camping
D:2:      gammafunk_temple_overflow_elements
D:3:      makhleb_altar_promises_db
D:4:      minmay_temple_entry_crystal_x, kennysheep_cross_room,
          lemuel_tele_altar, uniq_eustachio, uniq_robin
Temple:   circular_temple_pool_12

Skill      XL: |  1  2  3  4  5  6 |
---------------+-------------------+-----
Unarmed Combat | 2 3 4 6 7 |  7.9
Fighting       | |  3.0
Armour         | |  2.6
Shields        | |  2.6

Action                   |  1- 3 |  4- 6 |  7- 9 || total
-------------------------+-------+-------+-------++-------
Melee: Unarmed           |   204 |   316 |    77 ||   597
Evoke: Wand              |       |     3 |     1 ||     4
  Use: Potion            |       |       |     1 ||     1
 Stab: Confused          |       |     4 |     2 ||     6
  Eat: Chunk             |     4 |     8 |     2 ||    14
       Pizza             |       |     1 |       ||     1
       Beef jerky        |       |     1 |       ||     1
Armor: Scale mail        |    70 |    60 |       ||   130
       Chain mail        |       |    68 |    31 ||    99
Dodge: Dodged            |    68 |    52 |     8 ||   128
Block: Shield            |    94 |    95 |    32 ||   221
